 Dungeon Crawl Stone Soup version 0.23-a0-512-g50a8178 (webtiles) character file.

240 Leeroy the Charmwright (level 6, -4/75 HPs)
             Began as a Gnoll Skald on Dec 4, 2018.
             Was a Follower of Nemelex Xobeh.
             Killed by nerve-wracking pain
             ... invoked by Grinder
              (9 damage)
             ... on level 4 of the Dungeon.
             The game lasted 00:15:38 (2796 turns).

Leeroy the Charmwright (Gnoll Skald)                Turns: 2796, Time: 00:15:40

Health: -4/75      AC:  7    Str: 20    XL:     6   Next: 8%
Magic:  11/13      EV: 13    Int: 15    God:    Nemelex Xobeh [*.....]
Gold:   140        SH:  4    Dex: 15    Spells: 4/15 levels left

rFire    . . .     SeeInvis .   A - +6 club
rCold    . . .     Gourm    .   v - +0 buckler
rNeg     . . .     Faith    .   h - +0 ring mail
rPois    .         Spirit   .   (no helmet)
rElec    .         Reflect  .   l - +0 cloak
rCorr    .         Harm     .   u - +0 pair of gloves
MR       .....                  (no boots)
Stlth    ..........             (no amulet)
HPRegen  0.22/turn              (no ring)
MPRegen  0.13/turn              (no ring)

@: berserking, flying, very quick
A: distributed training, fangs 1, strong nose
a: Renounce Religion


You were on level 4 of the Dungeon.
You worshipped Nemelex Xobeh.
Nemelex Xobeh was aware of your devotion.
You were not hungry.

You visited 1 branch of the dungeon, and saw 4 of its levels.

You collected 140 gold pieces.

Inventory:

Hand Weapons
 a - a +0 falchion
 w - a +0 flail
 z - a +0 long sword
 A - a +6 club (weapon)
 D - a +0 blowgun
 F - a cursed -3 falchion
 H - a +0 falchion
Missiles
 f - 124 stones (quivered)
 m - 41 arrows
 q - 4 large rocks
 r - 43 sling bullets
 t - 20 bolts
 G - 18 poisoned needles
Armour
 b - a +0 leather armour
 h - a +0 ring mail (worn)
 l - a +0 cloak (worn)
 u - a +0 pair of gloves (worn)
 v - a +0 buckler (worn)
 y - a +0 cloak
Magical Staves
 C - an uncursed staff of poison {unknown}
Scrolls
 c - a scroll of teleportation {unknown}
 e - a scroll of random uselessness {unknown}
 g - a scroll of magic mapping {unknown}
 i - a scroll of enchant weapon {unknown}
 k - 6 scrolls of identify {unknown}
 s - a scroll of remove curse {unknown}
 B - a scroll of blinking {unknown}
Potions
 j - a potion of flight
 o - a potion of lignification {unknown}
 p - a potion of heal wounds {unknown}
 x - a potion of degeneration {unknown}
 E - a potion of invisibility {unknown}
Miscellaneous
 I - a plain deck of destruction {drawn: 4}
 J - a plain deck of destruction
Comestibles
 d - 5 rations
 K - 2 chunks of flesh


   Skills:
 + Level 4.9 Fighting
 + Level 1.7 Short Blades
 + Level 4.9 Long Blades
 + Level 1.7 Axes
 + Level 1.7 Maces & Flails
 + Level 1.7 Polearms
 + Level 1.7 Staves
 + Level 1.7 Slings
 + Level 1.7 Bows
 + Level 1.7 Crossbows
 + Level 1.7 Throwing
 + Level 3.1 Armour
 + Level 4.9 Dodging
 + Level 1.7 Stealth
 + Level 1.7 Shields
 + Level 1.7 Unarmed Combat
 + Level 5.3 Spellcasting
 + Level 1.3 Conjurations
 + Level 1.3 Hexes
 + Level 5.6 Charms
 + Level 1.3 Summonings
 + Level 1.3 Necromancy
 + Level 1.3 Translocations
 + Level 1.3 Transmutations
 + Level 1.3 Fire Magic
 + Level 1.3 Ice Magic
 + Level 1.3 Air Magic
 + Level 1.3 Earth Magic
 + Level 1.3 Poison Magic
 + Level 2.0 Invocations
 + Level 1.7 Evocations


You had 4 spell levels left.
You knew the following spells:

 Your Spells              Type           Power        Failure   Level  Hunger
a - Infusion              Chrm           ###.         3%          1    None
b - Song of Slaying       Chrm           ###.....     5%          2    ##.....
c - Shroud of Golubria    Chrm/Tloc      ##........   13%         2    ##.....
d - Regeneration          Chrm/Necr      ##........   26%         3    ###....
e - Spectral Weapon       Hex/Chrm       ##......     26%         3    ###....

Your spell library contained the following spells:

 Spells                   Type           Power        Failure   Level  Hunger


Dungeon Overview and Level Annotations

Branches:
Dungeon (4/15)
 Temple: D:4-7

Altars:
Fedhas
Hepliaklqana
Kikubaaqudgha
Nemelex Xobeh
Sif Muna
Trog

Annotations:
D:4 Grinder


Innate Abilities, Weirdness & Mutations

Your experience applies equally to all skills.
You have very sharp teeth.
Your uncanny sense of smell can sniff out nearby items.


Message History

Your spectral weapon hits Grinder.
Grinder hits you!
* * * LOW HITPOINT WARNING * * *
You writhe in agony.
* * * LOW HITPOINT WARNING * * *
You are too berserk!
Unknown command.
You hit Grinder.
Grinder is moderately wounded.
Your spectral weapon closely misses Grinder.
Grinder closely misses you.
You hit Grinder.
Grinder is heavily wounded.
Your spectral weapon hits Grinder.
You closely miss Grinder.
Grinder is heavily wounded.
Your spectral weapon closely misses Grinder.
Grinder gestures at you. Pain shoots through your body!
You die...
Your body glows slightly and disappears.

#.....#
#.....#
#.....#######
#...........h
#.# #####
#.###...#
###.....#.#
#.........#
#.......@(#
#..######5#
#..# .#
#######..#####
.#
............>#
.#
##....#..###.#
.#
#....#..###.#
.# #...
#......# .#
#... #.######


You could see Grinder and a friendly spectral +6 club.

Vanquished Creatures
  An orc priest (D:4)
  A centaur skeleton (D:4)
  An orc wizard (D:4)
  A worker ant (D:4)
  Robin (D:3)
  2 adders
  An ooze (D:3)
  A worm (D:3)
  A leopard gecko (D:3)
  10 orcs
  A giant cockroach (D:2)
  7 hobgoblins
  6 jackals
  7 kobolds
  A quokka (D:2)
  2 ball pythons
  7 bats
  4 frilled lizards
  14 goblins
  A jackal skeleton (D:4)
  A quokka skeleton (D:3)
  5 rats
  3 rat zombies (D:2)
79 creatures vanquished.

Vanquished Creatures (collateral kills)
  An adder skeleton (D:4)
1 creature vanquished.

Vanquished Creatures (others)
  2 orcs (D:4)
2 creatures vanquished.

Grand Total: 82 creatures vanquished

Notes
Turn   | Place    | Note
-------+----------+-------------------------------------------
     0 | D:1      | Leeroy the Gnoll Skald began the quest for the Orb.
     0 | D:1      | Reached XP level 1. HP: 20/20 MP: 6/6
   503 | D:1      | Reached XP level 2. HP: 23/26 MP: 7/7
   521 | D:1      | You fall through a shaft!
   521 | D:2      | Found a blossoming altar of Fedhas.
   723 | D:2      | Found a hazy altar of Hepliaklqana.
   881 | D:2      | Reached XP level 3. HP: 31/31 MP: 9/9
   883 | D:2      | Found an ancient bone altar of Kikubaaqudgha.
   946 | D:2      | Reached skill level 5 in Spellcasting
  1020 | D:2      | Reached skill level 1 in Invocations
  1025 | D:2      | Learned a level 2 spell: Song of Slaying
  1028 | D:2      | Learned a level 2 spell: Shroud of Golubria
  1032 | D:2      | Learned a level 3 spell: Regeneration
  1036 | D:2      | Learned a level 3 spell: Spectral Weapon
  1226 | D:3      | Noticed Robin
  1255 | D:3      | Killed Robin
  1255 | D:3      | Reached skill level 1 in Short Blades
  1255 | D:3      | Reached skill level 1 in Axes
  1255 | D:3      | Reached skill level 1 in Maces & Flails
  1255 | D:3      | Reached skill level 1 in Polearms
  1255 | D:3      | Reached skill level 1 in Staves
  1255 | D:3      | Reached skill level 1 in Slings
  1255 | D:3      | Reached skill level 1 in Bows
  1255 | D:3      | Reached skill level 1 in Crossbows
  1255 | D:3      | Reached skill level 1 in Throwing
  1255 | D:3      | Reached skill level 1 in Stealth
  1255 | D:3      | Reached skill level 1 in Shields
  1255 | D:3      | Reached skill level 1 in Unarmed Combat
  1255 | D:3      | Reached skill level 1 in Evocations
  1255 | D:3      | Reached XP level 4. HP: 22/38 MP: 4/11
  1725 | D:3      | Reached skill level 1 in Conjurations
  1725 | D:3      | Reached skill level 1 in Hexes
  1725 | D:3      | Reached skill level 1 in Summonings
  1725 | D:3      | Reached skill level 1 in Necromancy
  1725 | D:3      | Reached skill level 1 in Translocations
  1725 | D:3      | Reached skill level 1 in Transmutations
  1725 | D:3      | Reached skill level 1 in Fire Magic
  1725 | D:3      | Reached skill level 1 in Ice Magic
  1725 | D:3      | Reached skill level 1 in Air Magic
  1725 | D:3      | Reached skill level 1 in Earth Magic
  1725 | D:3      | Reached skill level 1 in Poison Magic
  1809 | D:3      | Found a deep blue altar of Sif Muna.
  2027 | D:3      | Found a faded altar of an unknown god.
  2241 | D:3      | Reached XP level 5. HP: 40/43 MP: 9/12
  2541 | D:3      | Became a worshipper of Nemelex Xobeh the Trickster
  2541 | D:3      | Received a gift from Nemelex Xobeh
  2541 | D:3      | Reached * piety under Nemelex Xobeh
  2541 | D:3      | Received a gift from Nemelex Xobeh
  2638 | D:4      | Found a bloodstained altar of Trog.
  2716 | D:4      | Reached XP level 6. HP: 15/50 MP: 13/13
  2784 | D:4      | Noticed Grinder
  2796 | D:4      | Killed from afar by Grinder

Vault maps used:
D:1:      dpeg_arrival_three_same_balls
D:2:      lemuel_zombie_altar_kikubaaqudgha, old_standard_altar, first_ration,
          grunt_ministairs_11, fedhas_altar_1
D:3:      lemuel_blue_sif_altar, chequers_ecumenical_altar_simple,
          wad_floor_pattern_untrapped, uniq_robin
D:4:      st_stairs_13, chequers_serial_rivers_marsh, bloody_trog,
          uniq_eustachio, uniq_pikel, uniq_crazy_yiuf_cottage, uniq_grinder

Skill      XL: |  1  2  3  4  5 |
---------------+----------------+-----
Spellcasting   | 5 |  5.3
Invocations    | 1 2 |  2.0
Short Blades   | 1 |  1.7
Axes           | 1 |  1.7
Maces & Flails | 1 |  1.7
Polearms       | 1 |  1.7
Staves         | 1 |  1.7
Slings         | 1 |  1.7
Bows           | 1 |  1.7
Crossbows      | 1 |  1.7
Throwing       | 1 |  1.7
Stealth        | 1 |  1.7
Shields        | 1 |  1.7
Unarmed Combat | 1 |  1.7
Evocations     | 1 |  1.7
Conjurations   | 1 |  1.3
Hexes          | 1 |  1.3
Summonings     | 1 |  1.3
Necromancy     | 1 |  1.3
Translocations | 1 |  1.3
Transmutations | 1 |  1.3
Fire Magic     | 1 |  1.3
Ice Magic      | 1 |  1.3
Air Magic      | 1 |  1.3
Earth Magic    | 1 |  1.3
Poison Magic   | 1 |  1.3
Armour         | 3 |  3.1
Fighting       | |  4.9
Long Blades    | |  4.9
Dodging        | |  4.9
Charms         | |  5.6

Action                   |  1- 3 |  4- 6 || total
-------------------------+-------+-------++-------
Melee: Falchion          |    53 |       ||    53
       Bite              |     7 |    14 ||    21
       Long sword        |    46 |    25 ||    71
       Club              |       |    89 ||    89
Throw: Stone             |     1 |     1 ||     2
 Cast: Song of Slaying   |     1 |     1 ||     2
       Regeneration      |       |     1 ||     1
       Spectral Weapon   |       |     1 ||     1
Evoke: Deck              |       |     4 ||     4
  Use: Potion            |       |     2 ||     2
 Stab: Sleeping          |       |     1 ||     1
  Eat: Chunk             |     1 |     6 ||     7
Armor: Ring mail         |    43 |    76 ||   119
Dodge: Dodged            |    70 |    91 ||   161
Block: Buckler           |    11 |    33 ||    44
       Rpst.: Falchion   |     9 |       ||     9
       Long sword        |    10 |     5 ||    15

Table legend:
 A = Non-vault XP
 B = Vault XP
 C = Vault XP percentage of total XP
 D = Non-vault monster count
 E = Vault monster count
 F = Vault count percentage of total count
                 A         B        C        D         E       F
            +---------+---------+-------+---------+---------+-------
      Total |     297 |      47 |  13.7 |      63 |      19 |  23.2
            +---------+---------+-------+---------+---------+-------
        D:1 |      12 |       0 |   0.0 |       8 |       0 |   0.0
        D:2 |      34 |      13 |  27.7 |      13 |       8 |  38.1
        D:3 |      83 |      34 |  29.1 |      33 |      11 |  25.0
        D:4 |     168 |       0 |   0.0 |       9 |       0 |   0.0
            +---------+---------+-------+---------+---------+-------
